General information
- name: BNet
- type: Ladder team game (AT/RT)
- host: Battle.net
- saver: theqat
map: SilverpineForest
- players: 6
- length: 45:36
- speed: Fast
- version: 1.21 W3XP
- replay type: Public
» download(241 KB)
Players
team 1 (winner)
AvuncularLegume (
teal | 28 APM | 1259 actions | 45:36)
5 Warden
3 Shadow Strike
2 Blink
» actions
| Assign group hotkey | 15 | |
| Basic commands | 5 | |
| Build / train | 89 | |
| Enter build submenu | 28 | |
| Enter hero's abilities submenu | 6 | |
| Right click | 571 | |
| Select / deselect | 398 | |
| Select group hotkey | 93 | |
| Use ability | 54 | |
1259 total
» units
» upgrades
| Strength of the Wild | 3 | |
| Reinforced Hides | 3 | |
| Corrosive Breath | 1 | |
| Well Spring | 1 | |
| Ultravision | 1 | |
9 total
» buildings
| Altar of Elders | 1 | |
| Moon Well | 11 | |
| Tree of Ages | 1 | |
| Ancient of Wind | 1 | |
| Tree of Eternity | 1 | |
| Tree of Life | 6 | |
| Hunter's Hall | 1 | |
| Chimaera Roost | 1 | |
| Ancient of Wonders | 1 | |
24 total
» build order
00:26 Altar of Elders
00:45 Moon Well
00:56 Moon Well
04:41 Moon Well
06:07 Moon Well
10:34 Tree of Ages
13:16 Ancient of Wind
13:18 Tree of Eternity
13:54 Tree of Life
14:55 Hunter's Hall
15:55 Tree of Life
16:17 Moon Well
17:25 Moon Well
17:30 Moon Well
18:50 Chimaera Roost
25:55 Moon Well
26:53 Moon Well
28:04 Moon Well
29:06 Moon Well
30:52 Ancient of Wonders
33:46 Tree of Life
35:03 Tree of Life
43:56 Tree of Life
45:26 Tree of Life
» items
syph3r (
purple | 45 APM | 2062 actions | 45:36)
5 Archmage
3 Blizzard
2 Brilliance Aura
3 Blood Mage
2 Flame Strike
1 Siphon Mana
» actions
| Assign group hotkey | 58 | |
| Basic commands | 51 | |
| Build / train | 172 | |
| ESC pressed | 11 | |
| Enter build submenu | 120 | |
| Enter hero's abilities submenu | 9 | |
| Give item / drop item | 1 | |
| Right click | 812 | |
| Select / deselect | 502 | |
| Select group hotkey | 79 | |
| Use ability | 247 | |
2062 total
» units
| Peasant | 9 | |
| Mortar Team | 14 | |
| Sorceress | 3 | |
26 total
» upgrades
| Masonry | 3 | |
| Lumber Harvesting | 1 | |
| Magic Sentry | 1 | |
| Fragmentation Shards | 1 | |
| Sorceress Training | 1 | |
| Flare | 1 | |
8 total
» buildings
| Altar of Kings | 1 | |
| Farm | 13 | |
| Lumber Mill | 2 | |
| Scout Tower | 142 | |
| Arcane Tower | 6 | |
| Guard Tower | 108 | |
| Arcane Vault | 1 | |
| Keep | 1 | |
| Castle | 1 | |
| Arcane Sanctum | 1 | |
| Blacksmith | 1 | |
| Workshop | 1 | |
278 total
» build order
00:12 Altar of Kings
00:27 Farm
00:36 Lumber Mill
00:46 Lumber Mill
00:50 Farm
00:55 Scout Tower
00:57 Scout Tower
00:58 Scout Tower
00:59 Scout Tower
01:00 Scout Tower
01:01 Scout Tower
01:52 Farm
02:03 Arcane Tower
02:20 Guard Tower
02:22 Guard Tower
02:32 Scout Tower
02:35 Scout Tower
02:36 Scout Tower
02:38 Scout Tower
03:06 Guard Tower
03:14 Guard Tower
03:16 Scout Tower
03:25 Arcane Vault
03:52 Guard Tower
04:06 Scout Tower
04:11 Arcane Tower
04:12 Guard Tower
04:14 Guard Tower
04:19 Keep
04:28 Guard Tower
04:30 Scout Tower
04:32 Scout Tower
04:35 Scout Tower
04:40 Guard Tower
04:41 Scout Tower
04:55 Farm
04:56 Farm
05:02 Guard Tower
05:17 Guard Tower
05:32 Scout Tower
05:33 Scout Tower
05:37 Guard Tower
06:22 Guard Tower
06:24 Guard Tower
06:27 Scout Tower
06:32 Scout Tower
06:33 Scout Tower
06:40 Castle
07:47 Guard Tower
07:54 Scout Tower
07:56 Scout Tower
08:03 Scout Tower
08:05 Scout Tower
08:06 Scout Tower
08:07 Scout Tower
08:08 Scout Tower
08:12 Guard Tower
08:13 Guard Tower
08:13 Guard Tower
08:17 Scout Tower
08:18 Scout Tower
08:19 Scout Tower
08:22 Scout Tower
08:31 Guard Tower
08:52 Scout Tower
08:57 Guard Tower
08:59 Guard Tower
09:03 Scout Tower
09:04 Scout Tower
09:06 Guard Tower
09:09 Guard Tower
09:11 Scout Tower
09:13 Scout Tower
09:16 Scout Tower
09:17 Scout Tower
09:19 Scout Tower
09:30 Guard Tower
09:31 Guard Tower
10:12 Guard Tower
10:12 Guard Tower
10:15 Guard Tower
10:16 Guard Tower
10:16 Guard Tower
10:22 Guard Tower
10:31 Scout Tower
10:34 Scout Tower
10:40 Scout Tower
10:42 Scout Tower
10:43 Scout Tower
10:44 Scout Tower
10:45 Scout Tower
10:53 Guard Tower
10:54 Guard Tower
10:54 Guard Tower
10:56 Scout Tower
10:59 Scout Tower
11:13 Farm
11:15 Farm
11:19 Arcane Sanctum
11:23 Blacksmith
11:33 Guard Tower
11:38 Guard Tower
11:38 Guard Tower
11:38 Guard Tower
11:41 Scout Tower
11:43 Scout Tower
11:44 Scout Tower
11:49 Guard Tower
12:03 Guard Tower
12:20 Guard Tower
12:21 Guard Tower
12:28 Guard Tower
12:53 Workshop
13:34 Guard Tower
13:46 Scout Tower
13:47 Scout Tower
13:48 Scout Tower
13:49 Scout Tower
13:54 Scout Tower
13:56 Scout Tower
13:57 Scout Tower
13:58 Scout Tower
14:28 Scout Tower
14:33 Scout Tower
14:34 Scout Tower
14:47 Farm
14:48 Farm
14:55 Guard Tower
15:21 Scout Tower
15:22 Scout Tower
15:23 Scout Tower
15:24 Scout Tower
15:35 Arcane Tower
15:58 Guard Tower
16:00 Scout Tower
16:03 Guard Tower
16:03 Guard Tower
16:12 Guard Tower
16:27 Guard Tower
16:38 Guard Tower
17:10 Guard Tower
17:11 Scout Tower
17:14 Scout Tower
17:38 Scout Tower
17:39 Scout Tower
17:42 Guard Tower
17:42 Guard Tower
17:46 Scout Tower
17:53 Scout Tower
18:21 Guard Tower
18:22 Guard Tower
18:22 Guard Tower
18:24 Scout Tower
18:48 Guard Tower
18:52 Scout Tower
18:55 Guard Tower
18:57 Scout Tower
19:25 Scout Tower
19:27 Scout Tower
19:27 Guard Tower
19:28 Guard Tower
19:31 Scout Tower
19:41 Scout Tower
20:09 Guard Tower
20:12 Guard Tower
20:14 Guard Tower
20:17 Scout Tower
20:18 Guard Tower
20:22 Scout Tower
20:23 Scout Tower
20:24 Scout Tower
20:50 Guard Tower
20:56 Guard Tower
21:13 Scout Tower
25:52 Farm
25:53 Farm
25:54 Farm
25:55 Farm
32:46 Scout Tower
32:47 Scout Tower
32:49 Scout Tower
32:49 Scout Tower
32:52 Scout Tower
32:54 Scout Tower
33:01 Scout Tower
33:04 Scout Tower
33:05 Scout Tower
33:05 Scout Tower
33:06 Scout Tower
33:07 Scout Tower
33:30 Guard Tower
34:15 Guard Tower
34:16 Guard Tower
34:16 Guard Tower
34:25 Arcane Tower
34:46 Guard Tower
35:01 Scout Tower
35:03 Scout Tower
35:04 Scout Tower
35:06 Guard Tower
35:14 Scout Tower
35:16 Scout Tower
35:17 Scout Tower
35:18 Scout Tower
35:19 Scout Tower
35:39 Guard Tower
35:40 Guard Tower
36:11 Guard Tower
36:16 Guard Tower
36:18 Guard Tower
36:28 Guard Tower
36:33 Scout Tower
36:36 Scout Tower
36:38 Scout Tower
36:57 Scout Tower
37:00 Guard Tower
37:02 Guard Tower
37:45 Guard Tower
37:45 Guard Tower
37:46 Guard Tower
37:48 Guard Tower
37:52 Guard Tower
38:22 Scout Tower
38:25 Scout Tower
38:26 Scout Tower
38:26 Scout Tower
38:30 Scout Tower
38:32 Scout Tower
38:32 Scout Tower
38:38 Scout Tower
39:02 Guard Tower
39:03 Guard Tower
39:18 Guard Tower
39:40 Arcane Tower
39:44 Scout Tower
39:46 Scout Tower
39:48 Scout Tower
39:50 Scout Tower
39:51 Scout Tower
39:52 Scout Tower
40:32 Guard Tower
40:38 Guard Tower
40:38 Guard Tower
40:39 Guard Tower
40:40 Guard Tower
40:40 Guard Tower
40:42 Scout Tower
40:44 Scout Tower
40:45 Scout Tower
40:46 Scout Tower
40:47 Scout Tower
40:48 Scout Tower
42:06 Guard Tower
42:07 Guard Tower
42:08 Guard Tower
42:08 Guard Tower
42:25 Guard Tower
42:26 Guard Tower
42:27 Guard Tower
42:57 Guard Tower
42:58 Guard Tower
43:16 Scout Tower
43:18 Scout Tower
43:19 Scout Tower
43:19 Scout Tower
43:21 Scout Tower
43:22 Scout Tower
43:23 Scout Tower
43:23 Scout Tower
43:33 Guard Tower
43:39 Scout Tower
43:41 Scout Tower
43:42 Scout Tower
43:43 Scout Tower
43:44 Guard Tower
43:58 Arcane Tower
44:13 Guard Tower
44:22 Guard Tower
» items
| Potion of Healing | 7 | |
| Scroll of Town Portal | 5 | |
12 total
theqat (
red | 68 APM | 3100 actions | 45:36)
8 Blademaster
3 Wind Walk
3 Critical Strike
1 Bladestorm
1 Mirror Image
» actions
| Assign group hotkey | 45 | |
| Basic commands | 59 | |
| Build / train | 98 | |
| ESC pressed | 8 | |
| Enter build submenu | 44 | |
| Enter hero's abilities submenu | 8 | |
| Give item / drop item | 6 | |
| Right click | 1998 | |
| Select / deselect | 496 | |
| Select group hotkey | 142 | |
| Use ability | 196 | |
3100 total
» units
» upgrades
| Liquid Fire | 1 | |
| Ranged Weapons | 3 | |
| Reinforced Defenses | 1 | |
| Armor | 1 | |
6 total
» buildings
| Altar of Storms | 1 | |
| Orc Burrow | 6 | |
| War Mill | 1 | |
| Voodoo Lounge | 1 | |
| Watch Tower | 43 | |
| Stronghold | 1 | |
| Beastiary | 3 | |
| Fortress | 1 | |
| Great Hall | 1 | |
58 total
» build order
00:05 Altar of Storms
00:19 Orc Burrow
00:43 War Mill
01:29 Voodoo Lounge
01:53 Orc Burrow
02:06 Watch Tower
02:20 Watch Tower
02:22 Watch Tower
02:59 Watch Tower
03:33 Watch Tower
04:23 Watch Tower
04:24 Watch Tower
04:25 Watch Tower
04:28 Stronghold
04:48 Watch Tower
05:49 Watch Tower
05:50 Watch Tower
05:50 Watch Tower
05:51 Watch Tower
07:52 Watch Tower
07:54 Watch Tower
07:58 Watch Tower
08:00 Watch Tower
08:47 Beastiary
09:07 Watch Tower
09:08 Watch Tower
09:10 Watch Tower
09:30 Beastiary
10:00 Orc Burrow
10:02 Orc Burrow
10:25 Fortress
12:20 Orc Burrow
12:27 Orc Burrow
13:42 Watch Tower
13:43 Watch Tower
13:43 Watch Tower
13:44 Watch Tower
13:44 Watch Tower
13:45 Watch Tower
13:45 Watch Tower
13:49 Watch Tower
13:50 Watch Tower
13:50 Watch Tower
13:51 Watch Tower
13:51 Watch Tower
13:51 Watch Tower
19:08 Beastiary
29:10 Watch Tower
29:12 Watch Tower
29:14 Watch Tower
29:17 Watch Tower
29:48 Watch Tower
30:38 Watch Tower
30:39 Watch Tower
30:39 Watch Tower
30:44 Watch Tower
34:07 Great Hall
» items
| Healing Salve | 5 | |
| Lesser Clarity Potion | 10 | |
| Boots of Speed | 1 | |
| Potion of Healing | 3 | |
| Potion of Mana | 5 | |
| Orb of Lightning | 1 | |
| Scroll of Town Portal | 1 | |
| Tiny Great Hall | 1 | |
27 total
team 2 (loser)

»
420.GeNgAnJa (
green | 40 APM | 1799 actions | 45:32)
8 Mountain King
3 Storm Bolt
3 Bash
1 Avatar
1 Thunder Clap
» actions
| Assign group hotkey | 14 | |
| Basic commands | 29 | |
| Build / train | 101 | |
| Enter build submenu | 43 | |
| Enter hero's abilities submenu | 8 | |
| Give item / drop item | 2 | |
| Remove unit from queue | 12 | |
| Right click | 993 | |
| Select / deselect | 417 | |
| Select group hotkey | 84 | |
| Use ability | 96 | |
1799 total
» units
| Peasant | 15 | |
| Rifleman | 9 | |
| Siege Engine | 32 | |
| Hippogryph | -1 | |
55 total
» upgrades
| Gunpowder | 3 | |
| Barrage | 1 | |
| Lumber Harvesting | 2 | |
| Armor | 2 | |
| Masonry | 1 | |
| Plating | 2 | |
| Fragmentation Shards | 0 | |
| Flare | 0 | |
11 total
» buildings
| Altar of Kings | 2 | |
| Farm | 17 | |
| Blacksmith | 1 | |
| Barracks | 2 | |
| Keep | 2 | |
| Workshop | 2 | |
| Castle | 2 | |
| Lumber Mill | 1 | |
| Arcane Vault | 1 | |
| Town Hall | 1 | |
| Scout Tower | 10 | |
| Guard Tower | 2 | |
43 total
» build order
00:10 Altar of Kings
00:14 Farm
00:27 Blacksmith
00:55 Farm
01:38 Farm
01:50 Barracks
02:17 Barracks
02:22 Farm
02:56 Farm
03:48 Farm
05:15 Keep
06:18 Farm
08:27 Workshop
08:30 Castle
08:59 Lumber Mill
09:41 Workshop
15:06 Arcane Vault
16:19 Town Hall
18:16 Farm
18:19 Farm
19:37 Scout Tower
19:39 Scout Tower
19:40 Scout Tower
19:43 Scout Tower
19:44 Scout Tower
20:19 Guard Tower
20:34 Keep
23:25 Castle
24:37 Scout Tower
24:38 Scout Tower
24:41 Scout Tower
24:42 Scout Tower
24:44 Scout Tower
25:30 Guard Tower
26:16 Farm
26:17 Farm
26:18 Farm
27:42 Farm
27:43 Farm
32:38 Altar of Kings
34:36 Farm
34:37 Farm
34:38 Farm
» items
| Dust of Appearance | 1 | |
| Scroll of Town Portal | 2 | |
| Scroll of Regeneration | 1 | |
| Orb of Fire | 1 | |
| Potion of Healing | 2 | |
| Potion of Mana | 1 | |
| Lesser Clarity Potion | 1 | |
| Potion of Greater Healing | 1 | |
| Orb of Darkness | 1 | |
11 total

»
420.SgTsMoKeAo (
pink | 48 APM | 2192 actions | 45:35)
6 Blademaster
3 Wind Walk
2 Critical Strike
1 Bladestorm
» actions
| Assign group hotkey | 23 | |
| Build / train | 82 | |
| Enter build submenu | 34 | |
| Enter hero's abilities submenu | 6 | |
| Remove unit from queue | 4 | |
| Right click | 1524 | |
| Select / deselect | 330 | |
| Select group hotkey | 107 | |
| Use ability | 82 | |
2192 total
» units
| Peon | 19 | |
| Grunt | 11 | |
| Troll Batrider | 22 | |
| Shaman | 2 | |
54 total
» upgrades
| Berserker Strength | 1 | |
| Liquid Fire | 1 | |
| Shaman Training | 2 | |
| Ranged Weapons | 1 | |
5 total
» buildings
| Orc Burrow | 15 | |
| Altar of Storms | 1 | |
| Barracks | 2 | |
| War Mill | 1 | |
| Voodoo Lounge | 1 | |
| Stronghold | 1 | |
| Fortress | 1 | |
| Beastiary | 2 | |
| Spirit Lodge | 1 | |
| Great Hall | 3 | |
| Watch Tower | 3 | |
31 total
» build order
00:10 Orc Burrow
00:15 Altar of Storms
00:36 Orc Burrow
01:35 Barracks
02:05 War Mill
02:08 Voodoo Lounge
02:24 Barracks
03:10 Orc Burrow
03:31 Orc Burrow
04:38 Orc Burrow
05:17 Stronghold
05:51 Orc Burrow
08:07 Fortress
08:16 Beastiary
08:20 Beastiary
12:11 Spirit Lodge
13:29 Orc Burrow
14:29 Orc Burrow
15:41 Great Hall
16:34 Orc Burrow
16:36 Orc Burrow
20:30 Great Hall
24:09 Orc Burrow
25:26 Orc Burrow
25:36 Great Hall
25:52 Orc Burrow
26:36 Watch Tower
26:42 Watch Tower
26:45 Watch Tower
29:10 Orc Burrow
29:16 Orc Burrow
» items
| Scroll of Speed | 2 | |
| Healing Salve | 3 | |
| Dust of Appearance | 1 | |
| Lesser Clarity Potion | 1 | |
| Orb of Fire | 1 | |
| Staff of Sanctuary | 1 | |
9 total
Knight007 (
orange | 56 APM | 2367 actions | 42:30)
5 Priestess of the Moon
1 Scout
3 Trueshot Aura
1 Searing Arrows
3 Keeper of the Grove
2 Thorns Aura
1 Entangling Roots
» actions
| Assign group hotkey | 24 | |
| Build / train | 96 | |
| Enter build submenu | 27 | |
| Enter hero's abilities submenu | 8 | |
| Give item / drop item | 4 | |
| Right click | 1280 | |
| Select / deselect | 363 | |
| Select group hotkey | 495 | |
| Use ability | 69 | |
2367 total
» units
| Wisp | 34 | |
| Huntress | 13 | |
| Druid of the Claw | 9 | |
| Hippogryph | 10 | |
| Glaive Thrower | 7 | |
73 total
» upgrades
| Druid of the Claw Training | 2 | |
| Mark of the Claw | 1 | |
| Strength of the Wild | 1 | |
| Reinforced Hides | 1 | |
| Vorpal Blades | 1 | |
| Strength of the Moon | 1 | |
| Moon Armor | 1 | |
8 total
» buildings
| Altar of Elders | 1 | |
| Moon Well | 10 | |
| Hunter's Hall | 1 | |
| Ancient of War | 2 | |
| Tree of Ages | 3 | |
| Ancient Protector | 2 | |
| Ancient of Lore | 3 | |
| Tree of Eternity | 1 | |
| Tree of Life | 3 | |
| Ancient of Wind | 2 | |
28 total
» build order
00:13 Altar of Elders
00:21 Moon Well
01:33 Hunter's Hall
01:42 Moon Well
01:59 Ancient of War
02:18 Ancient of War
02:37 Moon Well
03:10 Moon Well
06:41 Tree of Ages
08:48 Ancient Protector
09:07 Ancient of Lore
09:16 Ancient of Lore
09:21 Ancient of Lore
10:07 Moon Well
10:17 Moon Well
10:23 Moon Well
11:25 Tree of Eternity
13:03 Tree of Life
16:15 Ancient Protector
18:43 Ancient of Wind
18:49 Ancient of Wind
19:45 Tree of Life
25:46 Tree of Ages
34:31 Tree of Life
34:42 Moon Well
34:47 Moon Well
34:53 Moon Well
37:05 Tree of Ages
» items
| Potion of Greater Healing | 1 | |
1 total
Chat log
(42:24 / All) Knight007: if you can seriously sleep at night winning like this than you really do masterbate to your mom
(42:29 / All) 420.GeNgAnJa: lol
(42:31 / All) syph3r: u sux
(42:40 / All) theqat: aloha!
(43:01 / All) syph3r: lern 2 play
(43:24 / All) AvuncularLegume: hello
(43:27 / All) theqat: internet